 Dungeon Crawl Stone Soup version 0.31-a0-700-gf13585253f (webtiles) character file.

Game seed: 509843838443374860

129 Supercliff the Firebug (level 4, -1/24 HPs)
             Began as a Deep Elf Fire Elementalist on Sept 5, 2023.
             Succumbed to Ijyb's poison
             ... on level 3 of the Dungeon on Sept 8, 2023.
             The game lasted 00:11:28 (2518 turns).

Supercliff the Firebug (Deep Elf Fire Elementalist) Turns: 2518, Time: 00:11:28

Health: -1/24      AC:  3    Str:  5    XL:     4   Next: 88%
Magic:  12/12      EV: 12    Int: 22    God:
Gold:   64         SH:  0    Dex: 15    Spells: 1/11 levels left

rFire   . . .        k - +0 dagger
rCold   . . .        (no shield)
rNeg    . . .        a - +0 robe
rPois   .            n - +0 helmet
rElec   .            (no cloak)
rCorr   .            (no gloves)
SInv    .            (no boots)
Will    .....        (no amulet)
Stlth   +            (no ring)
HPRegen 0.24/turn    (no ring)
MPRegen 0.13/turn

%: no passive effects
@: confused, lethally poisoned (-1 -> -11), attractive
A: no striking features
a: no special abilities


You were on level 3 of the Dungeon.
You visited 1 branch of the dungeon, and saw 3 of its levels.

You collected 64 gold pieces.

Inventory:

Hand Weapons
 k - a +0 dagger (weapon)
Armour
 a - a +0 robe (worn)
 m - the +1 robe "Trusted Companion" {rPois rC- Str+2}
   (You found it on level 2 of the Dungeon)

   Str+2:     It affects your strength (+2).
   rC-:       It makes you vulnerable to cold.
   rPois:     It protects you from poison
 n - a +0 helmet (worn)
Scrolls
 c - a scroll of noise {unknown}
 d - 5 scrolls of identify {unknown}
 f - 4 scrolls of vulnerability {unknown}
 g - 2 scrolls of summoning {unknown}
 h - a scroll of fear {unknown}
 i - a scroll of revelation {unknown}
 j - a scroll of amnesia {unknown}
 l - a scroll of teleportation {unknown}
Potions
 b - a potion of magic


   Skills:
 - Level 2.4 Dodging
 - Level 2.4 Stealth
 * Level 4.0 Spellcasting
 * Level 3.1 Conjurations
 + Level 0.5 Translocations
 * Level 4.7 Fire Magic


You had one spell level left.
You knew the following spells:

 Your Spells              Type           Power      Damage    Failure   Level
a - Foxfire               Conj/Fire      84%        2x1d8     2%          1
b - Scorch                Fire           50%        2d7       2%          2
c - Volatile Blastmotes   Fire/Tloc      32%        2d12      12%         3
d - Flame Wave            Conj/Fire      21%        2d8       22%         4

Your spell library contained the following spells:

 Spells                   Type           Power      Damage    Failure   Level
 Apportation              Tloc           12%        N/A       9%          1
 Necrotise                Necr           16%        1d4       11%         1
 Summon Small Mammal      Summ           16%        N/A       11%         1
 Inner Flame              Hex/Fire       14%        N/A       13%         3


Dungeon Overview and Level Annotations

Branches:
Dungeon (3/15)

Altars:
Ashenzari

Annotations:
D:3 Ijyb


Message History

Found an escape hatch in the floor.
You now have 64 gold pieces (gained 19).
Ijyb the Twisted Goblin comes into view.
She is wielding a +4 dagger of venom and carrying a wand of charming.
Casting: Scorch (safe; 2% risk of failure)
Confirm with . or Enter, or press ? or * to list all spells.
You conjure some foxfire!
Ijyb shouts!
Ijyb zaps a wand.
You resist with some effort.
The foxfire hits Ijyb but does no damage.
Ijyb zaps a wand.
Your will is overpowered!
You are confused.
You're too confused to cast spells.
Sorry, you're not good enough to have a special ability.
You're too confused to cast spells.
Your foxfire dissipates!
You're too confused to cast spells.
It was a potion of attraction.
You feel attractive to monsters.
Ijyb zaps a wand.
You resist with some effort. Ijyb is attracted toward you.
You bump into the rock wall.
Ijyb zaps a wand.
Your will is overpowered!
You are more confused.
You miss Ijyb.
Ijyb hits you with a +4 dagger of venom.
You are poisoned.
You're too confused to move!
You feel very sick.
Ijyb zaps a wand.
You resist with some effort.
You feel very sick.
Ijyb hits you with a +4 dagger of venom.
You are lethally poisoned!
Okay, then.
You bump into the rock wall.
You feel very sick. Ijyb misses you.
* * * LOW HITPOINT WARNING * * *
You feel very sick.
Ijyb hits you with a +4 dagger of venom.
* * * LOW HITPOINT WARNING * * *
You bump into the rock wall.
You die...

...# #.... #......#
..##### #######......#
........ .........####
...#...# ...####..# ...#
..# .........# ...#...#
.#.##.#..# ........
#.ยง..#### ####...
#.#.####.....# #########
#.....@......#
................g...>..#
.###########............#
........................#
...#########.......#....#
.#.....# ...####.......#
.#####....... #.......#
## #... #.......# .....


You could see Ijyb.

Vanquished Creatures
  An orc priest (D:2)
  3 gnolls (D:3)
  2 adders (D:2)
  A worm (D:2)
  A dart slug (D:2)
  3 orcs (D:2)
  5 ball pythons
  6 endoplasms
  A giant cockroach (D:2)
  3 goblins
  3 hobgoblins
  A quokka (D:2)
  5 bats
  3 frilled lizards
  5 kobolds
  5 rats
48 creatures vanquished.

Vanquished Creatures (others)
  109 foxfires
109 creatures vanquished.

Grand Total: 157 creatures vanquished

Notes
Turn   | Place    | Note
-------+----------+-------------------------------------------
     0 | D:1      | Supercliff the Deep Elf Fire Elementalist began the quest
                  | for the Orb.
     0 | D:1      | Reached XP level 1. HP: 10/10 MP: 6/6
   305 | D:1      | Upgraded the game from 0.31-a0-672-g7da72447bb to
                  | 0.31-a0-691-g409c26aa35
   481 | D:1      | Reached XP level 2. HP: 15/15 MP: 5/8
   484 | D:1      | Learned a level 2 spell: Scorch
  1107 | D:2      | Upgraded the game from 0.31-a0-691-g409c26aa35 to
                  | 0.31-a0-700-gf13585253f
  1294 | D:2      | Identified the +1 robe "Trusted Companion" {rPois rC-
                  | Str+2}
  1309 | D:2      | Reached XP level 3. HP: 19/19 MP: 6/10
  1321 | D:2      | Reached XP level 4. HP: 7/24 MP: 1/11
  1415 | D:2      | Found a faded altar of an unknown god.
  1576 | D:2      | Learned a level 3 spell: Volatile Blastmotes
  2092 | D:2      | Learned a level 4 spell: Flame Wave
  2216 | D:3      | Found a broken altar of Ashenzari.
  2506 | D:3      | Noticed Ijyb
  2518 | D:3      | Succumbed to Ijyb's poison

Illustrated notes

Levels and vault maps discovered:
D:1:      lemuel_arrival_cross, layout_loops_corners, minmay_misc_feat_alley
D:2:      wad_pebble_path, layout_basic, basic_ecumenical_altar, st_stairs_7
D:3:      layout_basic, mainiacjoe_overflow_cross_hatched, uniq_ijyb

Skill      XL: |  1  2  3  4 |
---------------+-------------+-----
Conjurations   | 2 3 |  3.1
Fire Magic     | 4 |  4.7
Spellcasting   | 4 |  4.0
Dodging        | |  2.4
Stealth        | |  2.4
Translocations | |  0.5

Action                     |  1- 3 |  4- 6 || total
---------------------------+-------+-------++-------
  Melee: Unarmed           |     4 |       ||     4
         Dagger            |     1 |     8 ||     9
         Punch             |       |     1 ||     1
   Cast: Foxfire           |    41 |    28 ||    69
         Scorch            |       |     4 ||     4
    Use: Potion            |       |     1 ||     1
 Armour: Robe              |    10 |    11 ||    21
  Dodge: Dodged            |     7 |    12 ||    19

Table legend: (Time is in decaauts)
 A = Elapsed time spent in this place.
 B = Non-inter-level travel time spent in this place.
 C = Inter-level travel time spent in this place.
 D = Time resting spent in this place.
 E = Time spent auto-exploring this place.
 F = Levels seen in this place.
 G = Mean time per level.
                   A        B        C        D        E       F      G
               +--------+--------+--------+--------+--------+-----+--------+
         Total |   2517 |   2448 |     69 |    277 |   1854 |   3 |  839.0 |
       Dungeon |   2517 |   2448 |     69 |    277 |   1854 |   3 |  839.0 |
               +--------+--------+--------+--------+--------+-----+--------+

Top non-repeatable levels by time:
     D:2: 1127 daAuts
     D:1: 1027 daAuts
     D:3: 361 daAuts
